 Dungeon Crawl Stone Soup version 0.17.0-28-g6e173f8 (webtiles) character file.

8568 Peloso the Blocker (level 11, -3/145 HPs)
             Began as a Minotaur Fighter on Nov 27, 2015.
             Was a High Priest of Okawaru.
             Killed from afar by an electric eel (5 damage)
             ... with a bolt of electricity
             ... on level 10 of the Dungeon.
             The game lasted 00:38:43 (9481 turns).

Peloso the Blocker (Minotaur Fighter)               Turns: 9481, Time: 00:38:43

Health: -3/145     AC: 15    Str: 28    XL:     11   Next: 11%
Magic:  10/10      EV:  9    Int:  5    God:    Okawaru [*****.]
Gold:   791        SH: 14    Dex: 11    Spells: 0 memorised, 10 levels left

rFire  + . .     SeeInvis .     a - +1 long sword (drain)
rCold  . . .     Clarity  .     L - +0 plate armour
rNeg   . . .     SustAt   .     c - +1 shield
rPois  +         Gourm    .     (helmet restricted)
rElec  .         Spirit   .     H - +0 cloak
rCorr  .         Warding  .     (no gloves)
rMut   .         Stasis   .     (no boots)
MR     +....                    (no amulet)
Stlth  ..........               n - ring of protection from magic
                                j - ring of protection from fire

@: mighty, berserking (expiring), very quick, somewhat resistant to hostile
enchantments, extremely unstealthy
A: retaliatory headbutt, horns 2, poison resistance
a: Heroism, Finesse, Renounce Religion


You were on level 10 of the Dungeon.
You worshipped Okawaru.
Okawaru was extremely pleased with you.
You were not hungry.

You visited 2 branches of the dungeon, and saw 11 of its levels.
You also visited: Bailey.

You collected 791 gold pieces.

Inventory:

Hand Weapons
 a - a +1 long sword of draining (weapon)
 o - a +2 rapier of protection
 E - a +3 short sword
Missiles
 D - 70 tomahawks of returning (quivered)
Armour
 b - a +0 scale mail
 c - a +1 shield (worn)
 d - a +0 chain mail
 H - a +0 cloak (worn)
 L - a +0 plate armour (worn)
Jewellery
 j - a ring of protection from fire (left hand)
 n - a ring of protection from magic (right hand)
 s - an uncursed ring of flight
Wands
 m - a wand of lightning (4)
 C - a wand of invisibility (8)
Scrolls
 f - 8 scrolls of remove curse
 h - 3 scrolls of identify
 l - 4 scrolls of enchant armour
 t - 2 scrolls of enchant weapon
 y - a scroll of fog
 B - a scroll of teleportation
 G - 4 scrolls of fear
 I - a scroll of blinking
 M - 2 scrolls of amnesia {unknown}
Potions
 i - a potion of cancellation
 k - a potion of agility
 q - 11 potions of curing
 u - 4 potions of invisibility
 w - 2 potions of brilliance {unknown}
 x - 3 potions of degeneration {unknown}
 A - 4 potions of heal wounds {unknown}
 F - 6 potions of magic {unknown}
 J - 2 potions of beneficial mutation
Comestibles
 e - 9 bread rations
 p - 9 meat rations
 v - 3 beef jerkies
 z - 2 fruits
 K - 10 royal jellies
 O - 4 chunks of flesh


   Skills:
 + Level 9.6 Fighting
 + Level 10.4 Long Blades
 + Level 10.0 Armour
 + Level 6.8 Dodging
 + Level 1.2 Stealth
 + Level 10.6 Shields


You had 10 spell levels left.
You didn't know any spells.

Dungeon Overview and Level Annotations

Branches:
Dungeon (10/15)            Temple (1/1) D:4
   Lair: D:8-11         Orc: D:9-12

Altars:
Ashenzari
Cheibriados
Elyvilon
Fedhas
Gozag
Kikubaaqudgha
Makhleb
Nemelex Xobeh
Okawaru
Qazlal
Ru
Sif Muna
Trog
Xom
Yredelemnul
Zin
The Shining One

Shops:
D:4 *   D:6 ((*=


Innate Abilities, Weirdness & Mutations

You reflexively headbutt those who attack you in melee.
You have a pair of horns on your head.
Your system is resistant to poisons.


Message History

Okawaru accepts your kill.
You hear a splash.
The electric eel shoots out a bolt of lightning at you!
The bolt of electricity hits you!
* * * LOW HITPOINT WARNING * * *
You barely miss the adder. You headbutt the adder.
The adder is almost dead.
The adder bites you but does no damage.
The electric eel shoots out a bolt of lightning at you!
The bolt of electricity hits you!
* * * LOW HITPOINT WARNING * * *
Unknown command.
You slash the adder!
You kill the adder!
Okawaru accepts your kill.
Unknown command.
You are too berserk!
The electric eel shoots out a bolt of lightning at you!
The bolt of electricity hits you!
You die...

##..# ##.#
#..# #.#
#..# #.##
#.. #..#
##..##
##....##
#......#
#......##
##......@#
#.....†..#
#......†≈#
#.....≈≈≈≈#
#≈..≈≈≈≈≈≈#
#≈≈;≈≈≈.≈≈#
≈≈≈≈≈≈...##
≈≈≈≈≈≈...#
≈≈≈≈≈$$..#


You could see an electric eel.

Vanquished Creatures
  An ice dragon (D:10)
  2 hill giants (D:10)
  A cyclops (D:9)
  Joseph (D:9)
  A troll (D:10)
  Prince Ribbit (D:8)
  The ghost of carl the Ducker, an amateur GrGl (D:5)
  A human (D:2)
  A deep elf mage (D:9)
  A hippogriff (D:10)
  A hungry ghost (D:9)
  Eustachio (D:4)
  3 yaks (D:7)
  Menkaure (D:4)
  A wolf (D:8)
  A wasp (D:10)
  4 ice beasts
  3 orc warriors
  3 phantoms
  A necrophage (D:9)
  4 centaurs
  A black bear (D:7)
  5 ogres
  4 giant frogs
  4 scorpions
  A wyvern skeleton (D:9)
  4 jellies
  5 crimson imps
  2 electric eels (D:10)
  A giant frog zombie (D:10)
  2 centaur skeletons
  4 giant frog skeletons
  Ijyb (D:2)
  7 hounds
  2 orc wizards (D:4)
  2 orc priests
  Jessica (D:2)
  Terence (D:2)
  Natasha (thrice) (D:2)
  A human skeleton (D:2)
  5 worker ants
  A wasp simulacrum (D:8)
  3 hound skeletons
  A killer bee simulacrum (D:8)
  18 gnolls
  11 adders
  3 shadow imps
  An ufetubus (D:8)
  5 oozes (D:8)
  An adder zombie (D:9)
  3 worms
  An adder simulacrum (D:8)
  6 giant geckos
  19 orcs
  2 ball pythons
  10 hobgoblins
  15 jackals
  3 quokkas
  A ball python zombie (D:4)
  12 bats
  5 giant cockroaches
  A giant gecko skeleton (D:6)
  2 giant newts
  15 goblins
  A jackal simulacrum (D:8)
  A jackal skeleton (D:5)
  16 kobolds
  A quokka skeleton (D:4)
  7 rats
255 creatures vanquished.

Notes
Turn   | Place    | Note
--------------------------------------------------------------
     0 | D:1      | Peloso the Minotaur Fighter began the quest for the Orb.
     0 | D:1      | Reached XP level 1. HP: 19/19 MP: 0/0
   308 | D:1      | Reached skill level 4 in Fighting
   312 | D:1      | Reached XP level 2. HP: 27/27 MP: 1/1
   815 | D:2      | Reached XP level 3. HP: 25/33 MP: 2/2
   868 | D:2      | Noticed Ijyb
   885 | D:2      | Killed Ijyb
   885 | D:2      | Reached skill level 1 in Dodging
   891 | D:2      | Reached XP level 4. HP: 30/41 MP: 3/3
   946 | D:2      | Noticed Natasha
   957 | D:2      | Killed Natasha
  1310 | D:2      | Noticed Terence
  1313 | D:2      | Noticed Natasha
  1319 | D:2      | Killed Terence
  1322 | D:2      | Killed Natasha
  1322 | D:2      | Reached XP level 5. HP: 30/47 MP: 4/4
  1350 | D:2      | Noticed a human
  1351 | D:2      | Found a runed door.
  1359 | D:2      | Reached skill level 5 in Armour
  1362 | D:2      | Found a basalt altar of Yredelemnul.
  1383 | D:2      | Killed a human
  1383 | D:2      | Reached XP level 6. HP: 18/55 MP: 5/5
  1473 | D:2      | Found a bloodstained altar of Trog.
  1476 | D:2      | Noticed Natasha
  1480 | D:2      | Killed Natasha
  1504 | D:2      | Noticed Jessica
  1505 | D:2      | Killed Jessica
  1653 | D:2      | Found a basalt altar of Yredelemnul.
  1750 | D:2      | Found a deep blue altar of Sif Muna.
  1919 | D:3      | Reached skill level 5 in Shields
  2050 | D:3      | Found a glowing golden altar of the Shining One.
  2221 | D:3      | You fall through a shaft!
  2230 | D:4      | Found an opulent altar of Gozag.
  2338 | D:3      | Reached skill level 5 in Fighting
  2354 | D:3      | You fall through a shaft!
  2354 | D:4      | Found a shattered altar of Ashenzari.
  2355 | D:4      | Noticed Eustachio
  2370 | D:4      | Killed Eustachio
  2370 | D:4      | Reached XP level 7. HP: 61/61 MP: 6/6
  2442 | D:4      | Noticed Menkaure
  2449 | D:4      | Killed Menkaure
  2449 | D:4      | Reached skill level 6 in Shields
  2779 | D:4      | Found a staircase to the Ecumenical Temple.
  2784 | D:4      | Reached skill level 5 in Long Blades
  2790 | Temple   | Entered the Ecumenical Temple
  2828 | Temple   | Became a worshipper of Warmaster Okawaru
  2984 | D:4      | Found Mefuseil's Assorted Antiques.
  3468 | D:5      | Entered Level 5 of the Dungeon
  3506 | D:5      | Reached XP level 8. HP: 45/70 MP: 7/7
  3554 | D:5      | Found a snail-covered altar of Cheibriados.
  3554 | D:5      | Found a blossoming altar of Fedhas.
  3555 | D:5      | Found an ancient bone altar of Kikubaaqudgha.
  3566 | D:5      | Noticed carl's ghost (amateur GrGl)
  3590 | D:5      | Killed carl's ghost
  3590 | D:5      | Reached * piety under Okawaru
  3590 | D:5      | Reached skill level 7 in Shields
  4349 | D:6      | Found Ositwini's Distillery.
  4381 | D:6      | Found Juotiec's Antique Weapon Boutique.
  4396 | D:6      | Found a white marble altar of Elyvilon.
  4723 | D:6      | Found Jiodif's Weapon Shoppe.
  5070 | D:6      | Found Ryenaorog's Assorted Antiques.
  5077 | D:6      | Found a shimmering altar of Xom.
  5098 | D:6      | Reached skill level 8 in Shields
  5141 | D:6      | Found Qeuruxzome's Jewellery Emporium.
  5234 | D:6      | Reached ** piety under Okawaru
  5234 | D:6      | Reached XP level 9. HP: 49/78 MP: 8/8
  5616 | D:7      | Reached skill level 1 in Stealth
  5633 | D:7      | Reached skill level 5 in Dodging
  5852 | D:7      | Reached *** piety under Okawaru
  5980 | D:7      | Found a sparkling altar of Nemelex Xobeh.
  6227 | D:8      | Reached skill level 9 in Shields
  6456 | D:8      | Reached XP level 10. HP: 69/88 MP: 9/9
  6537 | D:8      | Noticed Prince Ribbit
  6576 | D:8      | Killed Prince Ribbit
  7068 | D:9      | Reached **** piety under Okawaru
  7153 | D:9      | Noticed Joseph
  7180 | D:9      | Killed Joseph
  7377 | D:9      | Noticed a cyclops
  7394 | D:9      | Killed a cyclops
  7602 | D:9      | Gained mutation: Your system is resistant to poisons. [potion of beneficial mutation]
  7699 | D:9      | Found a sacrificial altar of Ru.
  7699 | D:9      | Found a glowing silver altar of Zin.
  7895 | D:9      | Reached ***** piety under Okawaru
  7995 | D:10     | Entered Level 10 of the Dungeon
  8054 | D:10     | Reached skill level 10 in Shields
  8124 | D:10     | Noticed a hill giant
  8135 | D:10     | Killed a hill giant
  8135 | D:10     | Reached skill level 10 in Long Blades
  8197 | D:10     | Found a flagged portal.
  8300 | Bailey   | Entered a bailey
  9218 | D:10     | Noticed a hill giant
  9229 | D:10     | Killed a hill giant
  9234 | D:10     | Reached XP level 11. HP: 75/97 MP: 10/10
  9461 | D:10     | Noticed an ice dragon
  9474 | D:10     | Killed an ice dragon
  9474 | D:10     | Reached skill level 10 in Armour
  9479 | D:10     | HP: 1/145 [electric eel/bolt of electricity (7)]
  9481 | D:10     | Killed from afar by an electric eel

Action                   |  1- 3 |  4- 6 |  7- 9 | 10-12 || total
-------------------------+-------+-------+-------+-------++-------
Melee: Long sword        |    61 |   125 |   394 |   295 ||   875
  Use: Potion            |       |     1 |       |     5 ||     6
       Scroll            |       |    10 |     2 |     9 ||    21
  Eat: Chunk             |       |     5 |    13 |    13 ||    31
